 Dungeon Crawl Stone Soup version 0.29.0-4-gdea44cf6ec (webtiles) character file.

Game seed: 15181797557907387141

59 qw the Chopper (level 4, 0/26 HPs)
             Began as a Tengu Warper on Aug 28, 2022.
             Slain by Grinder (1 damage)
             ... on level 3 of the Dungeon.
             The game lasted 00:00:11 (2280 turns).

qw the Chopper (Tengu Warper)                       Turns: 2280, Time: 00:00:11

Health: 0/26       AC:  5    Str: 14    XL:     4   Next: 3%
Magic:  8/8        EV: 11    Int: 13    God:
Gold:   191        SH:  0    Dex: 13    Spells: 7/7 levels left

rFire   . . .      SeeInvis .   Y - +1 hand axe
rCold   . . .      Faith    .   (no shield)
rNeg    . . .      Spirit   .   i - +0 ring mail
rPois   .          Reflect  .   (helmet restricted)
rElec   .          Harm     .   (no cloak)
rCorr   .          Rampage  .   (no gloves)
Will    .....                   (boots unavailable)
Stlth   +.........              (no amulet)
HPRegen 0.08/turn               (no ring)
MPRegen 0.11/turn               (no ring)

@: no status effects
A: beak, talons 3
a: no special abilities


You were on level 3 of the Dungeon.
You visited 1 branch of the dungeon, and saw 3 of its levels.

You collected 191 gold pieces.


Innate Abilities, Weirdness & Mutations

You have a beak for a mouth.
You have claws for feet.


   Skills:
 - Level 2.0 Fighting
 + Level 4.6 Axes
 - Level 1.0 Throwing
 - Level 1.1 Armour
 - Level 2.1 Dodging
 - Level 2.0 Spellcasting
 - Level 2.4 Translocations


You had 7 spell levels left.
You didn't know any spells.
Your spell library contained the following spells:

 Spells                   Type           Power      Damage    Failure   Level
 Blink                    Tloc           14%        N/A       30%         2
 Gell's Gravitas          Tloc           7%         N/A       52%         3
 Lesser Beckoning         Tloc           7%         N/A       52%         3
 Teleport Other           Tloc           7%         N/A       52%         3
 Manifold Assault         Tloc           7%         N/A       99%         5

Inventory:

Hand Weapons
 f - a +0 whip
 Y - a +1 hand axe (weapon)
Armour
 i - a +0 ring mail (worn)
Scrolls
 a - a scroll of identify
Potions
 e - a potion of ambrosia {unknown}
 g - a potion of attraction {unknown}
 h - a potion of heal wounds {unknown}
 j - a potion of curing {unknown}

Dungeon Overview and Level Annotations

Branches:
Dungeon (3/15)

Altars:

Annotations:
D:3 Grinder


Message History

HP restored.
Done exploring.
(D) Dungeon
Where to? (* - list waypoints, Enter - D:3, ? - help)
What level of the Dungeon? (default 1, ? - help)
You climb downwards.
Level annotation: Grinder Grinder gestures at you.
You suddenly lose the ability to move!
You can move again.
There is a stone staircase leading up here.
Grinder blinks!
Found 12 gold pieces, a scroll labelled TEWAUTHOMA and a dagger.
Found a spear and a scroll of identify.
Grinder gestures at you.
You suddenly lose the ability to move!
Grinder gestures at you.
You shrug off the repeated paralysis!
Grinder blinks!
You can move again.
Grinder gestures at you. Pain shoots through your body!
You closely miss Grinder. Your kick misses Grinder. Grinder gestures at you.
Pain shoots through your body!
You closely miss Grinder. You claw Grinder, but do no damage. Grinder hits you.
You writhe in agony.
You barely miss Grinder. Your kick misses Grinder. Grinder closely misses you.
You slash Grinder! You claw Grinder.
Grinder is moderately wounded.
Grinder hits you.
You closely miss Grinder. Your kick misses Grinder. Your peck misses Grinder.
Grinder is moderately wounded.
Grinder gestures at you. You resist with significant effort.
You closely miss Grinder. Your kick misses Grinder. You peck Grinder.
Grinder is moderately wounded.
Grinder hits you.
You die...

.......#)? ###
)......... ...
#.....#... .?..
#...!.....
.....###.........
$!..........<.$..
... #........#.$
.... #...........
.....#5@.........
#..?...........
#...?<.........
#<....%........
#..............
#####.....###..
####### #.


You could see Grinder.

Vanquished Creatures
  3 adders (D:2)
  A dart slug (D:1)
  5 bats
  3 endoplasms
  A giant cockroach (D:1)
  A hobgoblin (D:2)
  2 quokkas
  4 ball pythons
  A frilled lizard (D:2)
  2 goblins
  2 kobolds (D:1)
  8 rats
33 creatures vanquished.

Vanquished Creatures (others)
  4 fungi (D:1)
  4 toadstools (D:1)
8 creatures vanquished.

Grand Total: 41 creatures vanquished

Notes
Turn   | Place    | Note
-------+----------+-------------------------------------------
     0 | D:1      | qw the Tengu Warper began the quest for the Orb.
     0 | D:1      | Reached XP level 1. HP: 12/12 MP: 4/4
     0 | D:1      | 0 ||| qw: Version: 0.1-a-89-g26bdef1
     0 | D:1      | 0 ||| qw: Game counter: 756
     0 | D:1      | 0 ||| qw: Always use a shield: true
     0 | D:1      | 0 ||| qw: God list: Okawaru
     0 | D:1      | 0 ||| qw: Allow faded altars: false
     0 | D:1      | 0 ||| qw: Do Orc after D:15 true
     0 | D:1      | 0 ||| qw: Do second Lair branch before Depths: true
     0 | D:1      | 0 ||| qw: Lair rune preference: random
     0 | D:1      | 0 ||| qw: Plans: Normal
     0 | D:1      | 0 ||| PLANNING D:1-11
    77 | D:1      | 77 ||| Stepping ~*~*~tactically~*~*~ (stealth).
   463 | D:1      | Reached XP level 2. HP: 17/17 MP: 6/6
   478 | D:1      | Reached skill level 3 in Axes
   856 | D:1      | 856 ||| UPGRADING to +0 ring mail.
   866 | D:1      | 866 ||| DROPPING +0 leather armour.
   867 | D:1      | 867 ||| READING scroll labelled MOUGAI OMASEOTH.
  1002 | D:1      | 1002 ||| READING scroll labelled VAUFUUSOY.
  1003 | D:1      | 1003 ||| DROPPING scroll of blinking.
  1450 | D:2      | Reached XP level 3. HP: 6/21 MP: 7/7
  1683 | D:2      | Reached skill level 4 in Axes
  1862 | D:2      | 1862 ||| READING scroll labelled QAOCOU LYCZA.
  1863 | D:2      | 1863 ||| READING scroll labelled SEHOAR QEWN.
  1864 | D:2      | 1864 ||| READING scroll labelled GOED OHELAMI.
  1893 | D:3      | 1893 ||| STAIRDANCE
  2011 | D:3      | Noticed Grinder
  2012 | D:3      | 2012 ||| STAIRDANCE
  2068 | D:3      | 2068 ||| STAIRDANCE
  2074 | D:2      | Reached XP level 4. HP: 15/26 MP: 8/8
  2205 | D:3      | 2205 ||| STAIRDANCE
  2264 | D:3      | Paralysed by Grinder for 2 turns
  2269 | D:3      | Paralysed by Grinder for 4 turns
  2276 | D:3      | HP: 5/26 [Grinder (4)]
  2278 | D:3      | HP: 1/26 [Grinder (4)]
  2280 | D:3      | Slain by Grinder

Levels and vault maps discovered:
D:1:      dpeg_arrival_central, layout_rooms, minmay_gold_behind_fungi
D:2:      layout_basic, grunt_decor_arrowhead, minmay_misc_feat_secret_circle
D:3:      layout_rooms, shapermc_ecumenical_altar_acropolis, uniq_grinder,
          uniq_sigmund, uniq_ijyb

Skill      XL: |  1  2  3 |
---------------+----------+-----
Axes           | 3 4 |  4.6
Fighting       | |  2.0
Throwing       | |  1.0
Armour         | |  1.1
Dodging        | |  2.1
Spellcasting   | |  2.0
Translocations | |  2.4

Action                   |  1- 3 |  4- 6 || total
-------------------------+-------+-------++-------
Melee: Hand axe          |    73 |     8 ||    81
       Kick              |    11 |     2 ||    13
       Peck              |    10 |     1 ||    11
Throw: Boomerang         |     7 |       ||     7
  Use: Scroll            |     5 |       ||     5
Armor: Leather armour    |    11 |       ||    11
       Ring mail         |    20 |       ||    20
Dodge: Dodged            |    50 |     2 ||    52

Table legend:
 A = Non-vault XP
 B = Vault XP
 C = Vault XP percentage of total XP
 D = Non-vault monster count
 E = Vault monster count
 F = Vault count percentage of total count
                 A         B        C        D         E       F
            +---------+---------+-------+---------+---------+-------
      Total |      85 |       0 |   0.0 |      33 |       0 |   0.0
            +---------+---------+-------+---------+---------+-------
        D:1 |      27 |       0 |   0.0 |      18 |       0 |   0.0
        D:2 |      56 |       0 |   0.0 |      14 |       0 |   0.0
        D:3 |       2 |       0 |   0.0 |       1 |       0 |   0.0
            +---------+---------+-------+---------+---------+-------
